San Jose Sharks vs Calgary Flames
Created - Tuesday, October 24, 2023 at 07:01
Goals
|
| San Jose Sharks |
1 |
1 |
0 |
2 |
| Calgary Flames |
0 |
1 |
3 |
4 |
|
Shots
|
| San Jose Sharks |
12 |
11 |
15 |
38 |
| Calgary Flames |
20 |
6 |
14 |
40 |
|
1st period
1. San Jose Sharks , Ryan Hartman 13 (Alex Iafallo 23) at 14:29 (PP)
Penalties :
Jeremy Lauzon (CGY) for High sticking (Minor) at 14:13
2nd period
2. San Jose Sharks , Oliver Bjorkstrand 16 (William Karlsson 31) at 10:24 (PP)
3. Calgary Flames , Kris Letang 4 (Valeri Nichushkin 21, J.T. Miller 22) at 11:27 (PP)
Penalties :
J.T. Miller (CGY) for Hooking (Minor) at 9:18, Jacob Middleton (SJS) for Hooking (Minor) at 11:23, Kris Letang (CGY) for Holding (Minor) at 17:20
3rd period
4. Calgary Flames , Rafael Harvey-Pinard 3 (Logan Couture 21, Jeff Petry 18) at 3:35
5. Calgary Flames , Valeri Nichushkin 22 (Matthew Tkachuk 29, Nic Dowd 6) at 4:09
6. Calgary Flames , Jacob Peterson 5 (Mathieu Joseph 8) at 16:54
Penalties :
J.T. Miller (CGY) for Fighting (Major) at 2:25, Ryan Hartman (SJS) for Fighting (Major) at 2:25, Anthony Deangelo (SJS) for Hooking (Minor) at 9:17, Derek Forbort (SJS) for Interference (Minor) at 14:00, Timo Meier (CGY) for Roughing (Minor) at 18:33
Goalie Stats
Martin Jones (SJS), 36 saves from 40 shots - (0.900), L, 22-12-8, 60:00 minutes
Samuel Montembeault (CGY), 36 saves from 38 shots - (0.947), W, 9-6-4, 60:00 minutes
Players Stats for San Jose Sharks
Player Name G A P +/- PIM S H SB GA TA FO MP PP MP PK MP
------------------------------------------------------------------------------------
Adam Henrique 0 0 0 0 0 2 2 0 0 0 9/22 18:12 2:09 1:58
Alex Iafallo 0 1 1 0 0 3 2 0 0 1 1/4 18:07 2:09 1:53
Andreas Athanasiou 0 0 0 -2 0 4 0 0 1 0 0/0 13:31 0:00 0:00
Anthony Deangelo 0 0 0 -2 2 2 1 1 0 1 0/0 21:32 2:45 0:41
Calle Rosen 0 0 0 -1 0 0 0 1 0 1 0/0 17:23 0:00 2:11
Danton Heinen 0 0 0 0 0 1 2 0 0 0 0/0 9:50 0:00 0:11
Derek Forbort 0 0 0 0 2 3 0 2 0 0 0/0 21:07 2:02 1:10
Jacob Middleton 0 0 0 -1 2 0 2 0 0 1 0/0 17:15 0:00 2:00
Joel Edmundson 0 0 0 -2 0 0 2 2 0 0 0/0 21:04 2:45 0:00
Michael Bunting 0 0 0 0 0 2 1 0 1 0 0/0 11:02 0:00 0:00
Mike Hoffman 0 0 0 0 0 4 1 0 0 0 1/2 10:55 0:00 0:18
Nicholas Paul 0 0 0 -2 0 1 0 1 0 0 3/12 13:21 0:00 0:00
Nikita Zadorov 0 0 0 0 0 0 0 1 0 0 0/0 21:40 2:02 2:02
Oliver Bjorkstrand 1 0 1 -1 0 3 0 1 0 1 0/1 16:44 2:38 0:00
Ryan Hartman 1 0 1 0 5 3 0 0 1 1 0/1 15:31 2:09 1:53
Ryan Strome 0 0 0 -1 0 4 0 0 3 0 0/0 16:44 2:38 0:00
Travis Boyd 0 0 0 -2 0 3 1 0 0 0 0/1 13:21 0:00 0:00
William Karlsson 0 1 1 -1 0 3 1 1 1 2 10/21 18:35 2:38 1:51
Players Stats for Calgary Flames
Player Name G A P +/- PIM S H SB GA TA FO MP PP MP PK MP
------------------------------------------------------------------------------------
Drew Doughty 0 0 0 0 0 2 0 0 0 0 0/0 21:56 2:11 2:01
J.T. Miller 0 1 1 0 7 1 1 0 1 0 15/20 15:25 2:03 0:00
Jacob Peterson 1 0 1 1 0 3 2 0 1 0 0/0 7:33 0:00 0:00
Jeff Petry 0 1 1 2 0 2 1 2 0 1 0/0 22:06 1:51 2:54
Jeremy Lauzon 0 0 0 1 2 0 1 0 0 0 0/0 16:05 0:00 0:00
Joel Eriksson Ek 0 0 0 0 0 2 3 0 0 1 3/8 16:55 0:00 2:08
Kris Letang 1 0 1 0 2 2 1 1 0 0 0/0 20:46 2:11 1:01
Logan Couture 0 1 1 1 0 3 4 0 0 1 9/12 14:09 0:00 0:00
Mathieu Joseph 0 1 1 1 0 0 2 0 0 0 1/1 10:03 0:00 2:30
Matthew Tkachuk 0 1 1 1 0 4 4 0 1 0 0/0 17:09 2:03 0:10
Michael Anderson 0 0 0 1 0 2 0 3 0 2 0/0 19:01 0:00 2:55
Nic Dowd 0 1 1 2 0 0 3 2 1 0 3/5 11:29 0:00 2:30
Rafael Harvey-Pinard 1 0 1 1 0 1 0 0 0 0 0/1 16:16 0:00 2:07
Rasmus Andersson 0 0 0 2 0 2 1 0 0 1 0/0 20:10 1:51 0:43
Sebastian Aho 0 0 0 0 0 5 2 0 2 1 9/15 16:47 1:59 0:09
Timo Meier 0 0 0 1 2 4 3 0 0 0 0/0 15:53 1:59 0:00
Valeri Nichushkin 1 1 2 1 0 4 1 0 1 0 0/0 16:53 2:03 0:00
Zach Hyman 0 0 0 0 0 3 1 0 1 0 0/2 16:32 1:59 0:00
3 Stars
1 - Valeri Nichushkin (CGY)
2 - Samuel Montembeault (CGY)
3 - Jacob Peterson (CGY)
Power Play
San Jose Sharks - 2 on 4 Attempt(s) - 50.00%
Calgary Flames - 1 on 3 Attempt(s) - 33.33%
Penalty Kill
San Jose Sharks - 2 on 3 Attempt(s) - 66.67%
- Score 0 goal in Penalty Kill
Calgary Flames - 2 on 4 Attempt(s) - 50.00%
- Score 0 goal in Penalty Kill
Team Stat
San Jose Sharks - Hits : 15 - Faceoff Wins : 24 - Blocked Shots : 10 - Penalty Minutes : 11
Calgary Flames - Hits : 30 - Faceoff Wins : 40 - Blocked Shots : 8 - Penalty Minutes : 13
Official
Referees : Wes McCauley and Dave Lewis
Linesman : Bryan Pancich and Vaughan Rody
Game Notes
J.T. Miller beats up Ryan Hartman at 2:25 of 3rd period
Finance
Level 1 -- Attendance: 4906 (81.77%) -- Ticket Income $490,600
Level 2 -- Attendance: 3407 (68.14%) -- Ticket Income $204,420
Level 3 -- Attendance: 2310 (77.00%) -- Ticket Income $80,850
Level 4 -- Attendance: 3697 (73.94%) -- Ticket Income $92,425
Luxury Box -- Attendance: 839 (83.90%) -- Ticket Income $167,800
Game was played at the Scotiabank Saddledome.
Total Attendance: 15159 (75.80%)
Total Ticket Income: $1,036,095
Other Income: $362,633
Total Income: $1,398,728
San Jose Sharks
5 vs 5 Forward
Center Left Wing Right Wing Time % Phy DF OF
1 Adam Henrique Alex Iafallo Ryan Hartman 30 1 2 2
2 William Karlsson Oliver Bjorkstrand Ryan Strome 30 1 2 2
3 Nicholas Paul Andreas Athanasiou Travis Boyd 25 1 2 2
4 Mike Hoffman Michael Bunting Danton Heinen 15 1 2 2
5 vs 5 Defense
Defense Defense Time % Phy DF OF
1 Derek Forbort Nikita Zadorov 35 1 2 2
2 Joel Edmundson Anthony Deangelo 35 1 2 2
3 Jacob Middleton Calle Rosen 30 1 2 2
4 Derek Forbort Joel Edmundson 0 1 2 2
PowerPlay Forward
Center Left Wing Right Wing Time % Phy DF OF
1 Adam Henrique Alex Iafallo Ryan Hartman 50 1 2 2
2 William Karlsson Oliver Bjorkstrand Ryan Strome 50 1 2 2
PowerPlay Defense
Defense Defense Time % Phy DF OF
1 Derek Forbort Nikita Zadorov 50 1 2 2
2 Joel Edmundson Anthony Deangelo 50 1 2 2
Penalty Kill 4 Players Forward
Center Wing Time % Phy DF OF
1 Adam Henrique William Karlsson 50 1 2 2
2 Alex Iafallo Ryan Hartman 50 1 2 2
Penalty Kill 4 Players Defense
Defense Defense Time % Phy DF OF
1 Derek Forbort Nikita Zadorov 50 1 2 2
2 Jacob Middleton Calle Rosen 50 1 2 2
Penalty Kill - 3 Players Forward
Forward Time % Phy DF OF
1 Adam Henrique 50 1 2 2
2 William Karlsson 50 1 2 2
Penalty Kill - 3 Players Defense
Defense Defense Time % Phy DF OF
1 Derek Forbort Jacob Middleton 50 1 2 2
2 Nikita Zadorov Anthony Deangelo 50 1 2 2
4 vs 4 Forward
Center Wing Time % Phy DF OF
1 Adam Henrique William Karlsson 50 1 2 2
2 Alex Iafallo Ryan Hartman 50 1 2 2
4 vs 4 Defense
Defense Defense Time % Phy DF OF
1 Nikita Zadorov Derek Forbort 50 1 2 2
2 Joel Edmundson Jacob Middleton 50 1 2 2
Last Minutes Offensive
Center Left Wing Right Wing Defense Defense
Adam Henrique Alex Iafallo Ryan Hartman Derek Forbort Nikita Zadorov
Last Minutes Defensive
Center Left Wing Right Wing Defense Defense
Adam Henrique Alex Iafallo Ryan Hartman Derek Forbort Nikita Zadorov
Goaltenders
Starting : Martin Jones
Backup : James Reimer
Extra Forwards
Normal : Michael Bunting, Andreas Athanasiou, Mike Hoffman - PP : Michael Bunting, Andreas Athanasiou - PK : Mike Hoffman
Extra Defensemen
Normal : Nikita Zadorov, Jacob Middleton, Derek Forbort - PP : Nikita Zadorov - PK : Jacob Middleton, Derek Forbort
Penalty Shots
Adam Henrique, William Karlsson, Alex Iafallo, Ryan Hartman, Ryan Strome
Calgary Flames
5 vs 5 Forward
Center Left Wing Right Wing Time % Phy DF OF
1 J.T. Miller Matthew Tkachuk Valeri Nichushkin 31 1 2 2
2 Sebastian Aho Zach Hyman Joel Eriksson Ek 30 1 2 2
3 Logan Couture Rafael Harvey-Pinard Timo Meier 29 1 2 2
4 Nic Dowd Jacob Peterson Mathieu Joseph 10 1 2 2
5 vs 5 Defense
Defense Defense Time % Phy DF OF
1 Kris Letang Drew Doughty 35 1 2 2
2 Jeff Petry Rasmus Andersson 35 1 2 2
3 Michael Anderson Jeremy Lauzon 30 1 2 2
4 Kris Letang Drew Doughty 0 1 2 2
PowerPlay Forward
Center Left Wing Right Wing Time % Phy DF OF
1 J.T. Miller Matthew Tkachuk Valeri Nichushkin 50 0 0 5
2 Sebastian Aho Zach Hyman Timo Meier 50 0 0 5
PowerPlay Defense
Defense Defense Time % Phy DF OF
1 Kris Letang Drew Doughty 50 0 2 3
2 Jeff Petry Rasmus Andersson 50 0 2 3
Penalty Kill 4 Players Forward
Center Wing Time % Phy DF OF
1 Joel Eriksson Ek Rafael Harvey-Pinard 50 0 5 0
2 Nic Dowd Mathieu Joseph 50 0 5 0
Penalty Kill 4 Players Defense
Defense Defense Time % Phy DF OF
1 Kris Letang Drew Doughty 50 0 5 0
2 Jeff Petry Michael Anderson 50 0 5 0
Penalty Kill - 3 Players Forward
Forward Time % Phy DF OF
1 J.T. Miller 50 0 5 0
2 Sebastian Aho 50 0 5 0
Penalty Kill - 3 Players Defense
Defense Defense Time % Phy DF OF
1 Kris Letang Drew Doughty 50 0 5 0
2 Jeff Petry Michael Anderson 50 0 5 0
4 vs 4 Forward
Center Wing Time % Phy DF OF
1 J.T. Miller Matthew Tkachuk 50 1 2 2
2 Sebastian Aho Logan Couture 50 1 2 2
4 vs 4 Defense
Defense Defense Time % Phy DF OF
1 Kris Letang Drew Doughty 50 1 2 2
2 Jeff Petry Rasmus Andersson 50 1 2 2
Last Minutes Offensive
Center Left Wing Right Wing Defense Defense
J.T. Miller Matthew Tkachuk Sebastian Aho Kris Letang Drew Doughty
Last Minutes Defensive
Center Left Wing Right Wing Defense Defense
J.T. Miller Sebastian Aho Valeri Nichushkin Kris Letang Drew Doughty
Goaltenders
Starting : Samuel Montembeault
Backup : Ilya Sorokin
Extra Forwards
Normal : Nic Dowd, Joel Eriksson Ek, Mathieu Joseph - PP : Nic Dowd, Joel Eriksson Ek - PK : Mathieu Joseph
Extra Defensemen
Normal : Rasmus Andersson, Michael Anderson, Jeff Petry - PP : Rasmus Andersson - PK : Michael Anderson, Jeff Petry
Penalty Shots
J.T. Miller, Matthew Tkachuk, Sebastian Aho, Logan Couture, Joel Eriksson Ek
% Time on Ice - San Jose Sharks
Lines # - Real PCT - Wanted PCT - Time Play
Normal Forward
1 - 28% - 30% - 14:05
2 - 28% - 30% - 14:10
3 - 26% - 25% - 13:21
4 - 19% - 15% - 9:35
Normal Defense
1 - 35% - 35% - 17:40
2 - 35% - 35% - 18:03
3 - 30% - 30% - 15:12
4 - 1% - 0% - 0:16
PP Forward
1 - 45% - 50% - 2:09
2 - 55% - 50% - 2:38
PP Defense
1 - 43% - 50% - 2:02
2 - 57% - 50% - 2:45
PK Forward
1 - 49% - 50% - 1:58
2 - 51% - 50% - 2:04
PK Defense
1 - 67% - 50% - 2:43
2 - 33% - 50% - 1:19
PK3 Forward
1 - 0% - 50%
2 - 0% - 50%
PK3 Defense
1 - 0% - 50%
2 - 0% - 50%
44 Forward
1 - 0% - 50%
2 - 0% - 50%
44 Defense
1 - 0% - 50%
2 - 0% - 50%
Last Minute Offensive - 0:00
Last Minute Defensive - 0:00
Total
Forward - 60:00
Defense - 60:00
|
% Time on Ice - Calgary Flames
Lines # - Real PCT - Wanted PCT - Time Play
Normal Forward
1 - 29% - 31% - 14:56
2 - 28% - 30% - 14:33
3 - 28% - 29% - 14:09
4 - 15% - 10% - 7:33
Normal Defense
1 - 34% - 35% - 17:17
2 - 34% - 35% - 17:21
3 - 31% - 30% - 16:06
4 - 1% - 0% - 0:27
PP Forward
1 - 51% - 50% - 2:03
2 - 49% - 50% - 1:59
PP Defense
1 - 54% - 50% - 2:11
2 - 46% - 50% - 1:51
PK Forward
1 - 48% - 50% - 2:17
2 - 52% - 50% - 2:30
PK Defense
1 - 54% - 50% - 2:34
2 - 46% - 50% - 2:13
PK3 Forward
1 - 0% - 50%
2 - 0% - 50%
PK3 Defense
1 - 0% - 50%
2 - 0% - 50%
44 Forward
1 - 0% - 50%
2 - 0% - 50%
44 Defense
1 - 0% - 50%
2 - 0% - 50%
Last Minute Offensive - 0:00
Last Minute Defensive - 0:00
Total
Forward - 60:00
Defense - 60:00
|
Play-by-Play
1st period
0:01 of 1st period - J.T. Miller wins face-off versus Alex Iafallo in neutral zone.
0:28 of 1st period - Snap shot by Andreas Athanasiou.
0:28 of 1st period - Stopped by Samuel Montembeault with a rebound.
0:30 of 1st period - Snap shot by Travis Boyd.
0:30 of 1st period - Shot Misses the Net.
0:32 of 1st period - Slapshot by Travis Boyd.
0:32 of 1st period - Shot Misses the Net.
0:36 of 1st period - Wrist shot by Andreas Athanasiou.
0:36 of 1st period - Shot Misses the Net.
0:38 of 1st period - Snap shot by Nicholas Paul.
0:38 of 1st period - Shot Misses the Net.
0:53 of 1st period - Snap shot by Sebastian Aho.
0:53 of 1st period - Stopped by Martin Jones with a rebound.
0:59 of 1st period - Joel Edmundson is hit by Rasmus Andersson.
1:11 of 1st period - Snap shot by Sebastian Aho.
1:11 of 1st period - Shot Misses the Net.
1:21 of 1st period - Snap shot by Timo Meier.
1:21 of 1st period - Stopped by Martin Jones without a rebound.
1:22 of 1st period - Adam Henrique wins face-off versus Nic Dowd in San Jose Sharks zone.
2:52 of 1st period - Jacob Middleton is hit by Jacob Peterson and loses puck.
3:35 of 1st period - Slapshot by William Karlsson.
3:35 of 1st period - Shot Misses the Net.
3:41 of 1st period - Wrist shot by Sebastian Aho.
3:41 of 1st period - Shot Misses the Net.
3:43 of 1st period - Slapshot by Sebastian Aho.
3:43 of 1st period - Stopped by Martin Jones with a rebound.
3:45 of 1st period - Slapshot by Joel Eriksson Ek.
3:45 of 1st period - Stopped by Martin Jones without a rebound.
3:46 of 1st period - J.T. Miller wins face-off versus Nicholas Paul in San Jose Sharks zone.
4:22 of 1st period - Snap shot by Timo Meier.
4:22 of 1st period - Shot Blocked by Nikita Zadorov.
4:24 of 1st period - Wrist shot by Logan Couture.
4:24 of 1st period - Stopped by Martin Jones with a rebound.
4:38 of 1st period - Adam Henrique is hit by Nic Dowd and loses puck.
5:05 of 1st period - William Karlsson is hit by Sebastian Aho and loses puck.
5:28 of 1st period - Snap shot by Nicholas Paul.
5:28 of 1st period - Stopped by Samuel Montembeault with a rebound.
6:06 of 1st period - Rasmus Andersson is hit by William Karlsson and loses puck.
6:51 of 1st period - Snap shot by Jacob Peterson.
6:51 of 1st period - Stopped by Martin Jones with a rebound.
7:03 of 1st period - Joel Eriksson Ek is hit by Michael Bunting and loses puck.
7:16 of 1st period - Slapshot by Matthew Tkachuk.
7:16 of 1st period - Stopped by Martin Jones without a rebound.
7:17 of 1st period - Nicholas Paul wins face-off versus J.T. Miller in San Jose Sharks zone.
7:19 of 1st period - Icing by Andreas Athanasiou.
7:20 of 1st period - J.T. Miller wins face-off versus Nicholas Paul in San Jose Sharks zone.
7:23 of 1st period - Wrist shot by Valeri Nichushkin.
7:23 of 1st period - Deflect By Matthew Tkachuk.
7:23 of 1st period - Shot Blocked by Nicholas Paul.
7:23 of 1st period - Puck is out of play.
7:24 of 1st period - Logan Couture wins face-off versus William Karlsson in San Jose Sharks zone.
7:29 of 1st period - Slapshot by Timo Meier.
7:29 of 1st period - Stopped by Martin Jones without a rebound.
7:30 of 1st period - Logan Couture wins face-off versus William Karlsson in San Jose Sharks zone.
7:35 of 1st period - Wrist shot by Timo Meier.
7:35 of 1st period - Stopped by Martin Jones with a rebound.
7:43 of 1st period - Joel Edmundson is hit by Kris Letang and loses puck.
8:45 of 1st period - Danton Heinen is hit by Mathieu Joseph and loses puck.
9:26 of 1st period - Snap shot by Alex Iafallo.
9:26 of 1st period - Shot Misses the Net.
9:28 of 1st period - Snap shot by Alex Iafallo.
9:28 of 1st period - Shot Blocked by Michael Anderson.
9:30 of 1st period - Wrist shot by Alex Iafallo.
9:30 of 1st period - Stopped by Samuel Montembeault without a rebound.
9:31 of 1st period - J.T. Miller wins face-off versus Travis Boyd in Calgary Flames zone.
9:46 of 1st period - Snap shot by Valeri Nichushkin.
9:46 of 1st period - Deflect By Matthew Tkachuk.
9:46 of 1st period - Stopped by Martin Jones with a rebound.
10:03 of 1st period - Wrist shot by Sebastian Aho.
10:03 of 1st period - Shot Blocked by Derek Forbort.
10:43 of 1st period - Snap shot by Mike Hoffman.
10:43 of 1st period - Stopped by Samuel Montembeault with a rebound.
10:45 of 1st period - Snap shot by Danton Heinen.
10:45 of 1st period - Stopped by Samuel Montembeault with a rebound.
10:47 of 1st period - Wrist shot by Mike Hoffman.
10:47 of 1st period - Stopped by Samuel Montembeault with a rebound.
10:49 of 1st period - Slapshot by Derek Forbort.
10:49 of 1st period - Stopped by Samuel Montembeault with a rebound.
10:51 of 1st period - Slapshot by Derek Forbort.
10:51 of 1st period - Stopped by Samuel Montembeault with a rebound.
11:01 of 1st period - Andreas Athanasiou is hit by Matthew Tkachuk and loses puck.
11:27 of 1st period - Icing by Oliver Bjorkstrand.
11:28 of 1st period - Sebastian Aho wins face-off versus William Karlsson in San Jose Sharks zone.
12:06 of 1st period - Slapshot by Sebastian Aho.
12:06 of 1st period - Stopped by Martin Jones with a rebound.
12:08 of 1st period - Slapshot by Kris Letang.
12:08 of 1st period - Stopped by Martin Jones with a rebound.
12:10 of 1st period - Slapshot by Drew Doughty.
12:10 of 1st period - Shot Blocked by Oliver Bjorkstrand.
12:12 of 1st period - Slapshot by Joel Eriksson Ek.
12:12 of 1st period - Stopped by Martin Jones with a rebound.
12:14 of 1st period - Slapshot by Zach Hyman.
12:14 of 1st period - Stopped by Martin Jones without a rebound.
12:15 of 1st period - J.T. Miller wins face-off versus Adam Henrique in San Jose Sharks zone.
12:20 of 1st period - Snap shot by Valeri Nichushkin.
12:20 of 1st period - Shot Misses the Net.
12:22 of 1st period - Wrist shot by Valeri Nichushkin.
12:22 of 1st period - Deflect By Matthew Tkachuk.
12:22 of 1st period - Stopped by Martin Jones with a rebound.
12:24 of 1st period - Slapshot by Jeff Petry.
12:24 of 1st period - Shot Misses the Net.
12:26 of 1st period - Slapshot by J.T. Miller.
12:26 of 1st period - Shot Blocked by Joel Edmundson.
12:28 of 1st period - Wrist shot by Valeri Nichushkin.
12:28 of 1st period - Deflect By Matthew Tkachuk.
12:28 of 1st period - Shot Misses the Net.
12:28 of 1st period - Puck is out of play.
12:29 of 1st period - Logan Couture wins face-off versus Adam Henrique in San Jose Sharks zone.
12:44 of 1st period - Wrist shot by Ryan Hartman.
12:44 of 1st period - Shot Misses the Net.
13:07 of 1st period - Snap shot by Michael Bunting.
13:07 of 1st period - Stopped by Samuel Montembeault without a rebound.
13:08 of 1st period - Sebastian Aho wins face-off versus Adam Henrique in Calgary Flames zone.
13:22 of 1st period - Off-side.
13:23 of 1st period - J.T. Miller wins face-off versus Nicholas Paul in neutral zone.
13:36 of 1st period - Andreas Athanasiou is hit by Valeri Nichushkin and loses puck.
14:13 of 1st period - Minor Penalty to Jeremy Lauzon for High sticking.
14:14 of 1st period - Joel Eriksson Ek wins face-off versus Adam Henrique in Calgary Flames zone.
14:14 of 1st period - Joel Eriksson Ek is hit by Joel Edmundson.
14:27 of 1st period - Wrist shot by Alex Iafallo.
14:27 of 1st period - Stopped by Samuel Montembeault with a rebound.
14:29 of 1st period - Snap shot by Ryan Hartman.
14:29 of 1st period - Goal by Ryan Hartman - San Jose Sharks : 1 - Calgary Flames : 0.
14:30 of 1st period - J.T. Miller wins face-off versus William Karlsson in neutral zone.
14:35 of 1st period - Snap shot by J.T. Miller.
14:35 of 1st period - Shot Blocked by William Karlsson.
14:37 of 1st period - Snap shot by J.T. Miller.
14:37 of 1st period - Shot Misses the Net.
14:39 of 1st period - Slapshot by J.T. Miller.
14:39 of 1st period - Stopped by Martin Jones without a rebound.
14:40 of 1st period - J.T. Miller wins face-off versus William Karlsson in San Jose Sharks zone.
14:45 of 1st period - Wrist shot by Valeri Nichushkin.
14:45 of 1st period - Shot Misses the Net.
14:47 of 1st period - Wrist shot by J.T. Miller.
14:47 of 1st period - Shot Misses the Net.
15:16 of 1st period - Icing by William Karlsson.
15:17 of 1st period - Logan Couture wins face-off versus Oliver Bjorkstrand in San Jose Sharks zone.
15:24 of 1st period - Wrist shot by Timo Meier.
15:24 of 1st period - Stopped by Martin Jones with a rebound.
15:26 of 1st period - Slapshot by Rasmus Andersson.
15:26 of 1st period - Deflect By Oliver Bjorkstrand.
15:26 of 1st period - Stopped by Martin Jones with a rebound.
15:28 of 1st period - Slapshot by Rasmus Andersson.
15:28 of 1st period - Stopped by Martin Jones with a rebound.
16:07 of 1st period - Rasmus Andersson is hit by Anthony Deangelo.
17:25 of 1st period - Ryan Strome is hit by Nic Dowd and loses puck.
17:32 of 1st period - Jacob Peterson is hit by Joel Edmundson and loses puck.
17:47 of 1st period - Snap shot by Matthew Tkachuk.
17:47 of 1st period - Stopped by Martin Jones without a rebound.
17:48 of 1st period - Adam Henrique wins face-off versus J.T. Miller in San Jose Sharks zone.
17:48 of 1st period - Adam Henrique is hit by Matthew Tkachuk.
18:02 of 1st period - Slapshot by Alex Iafallo.
18:02 of 1st period - Stopped by Samuel Montembeault without a rebound.
18:03 of 1st period - Nicholas Paul wins face-off versus Logan Couture in Calgary Flames zone.
Goals for this period are 1 for San Jose Sharks vs 0 for Calgary Flames.
Shots for this period are 12 for San Jose Sharks vs 20 for Calgary Flames.
2nd period
0:01 of 2nd period - Sebastian Aho wins face-off versus Nicholas Paul in neutral zone.
1:14 of 2nd period - Snap shot by William Karlsson.
1:14 of 2nd period - Shot Blocked by Kris Letang.
2:30 of 2nd period - Jacob Middleton is hit by Nic Dowd and loses puck.
2:59 of 2nd period - Rasmus Andersson is hit by Adam Henrique.
3:17 of 2nd period - Wrist shot by Logan Couture.
3:17 of 2nd period - Stopped by Martin Jones with a rebound.
3:19 of 2nd period - Slapshot by Logan Couture.
3:19 of 2nd period - Shot Misses the Net.
3:41 of 2nd period - Snap shot by Oliver Bjorkstrand.
3:41 of 2nd period - Shot Misses the Net.
4:02 of 2nd period - Wrist shot by Michael Bunting.
4:02 of 2nd period - Deflect By Nic Dowd.
4:02 of 2nd period - Shot Blocked by Nic Dowd.
4:02 of 2nd period - Puck is out of play.
4:03 of 2nd period - Sebastian Aho wins face-off versus Adam Henrique in Calgary Flames zone.
4:05 of 2nd period - Icing by Joel Eriksson Ek.
4:06 of 2nd period - Sebastian Aho wins face-off versus Adam Henrique in Calgary Flames zone.
4:57 of 2nd period - Ryan Strome is hit by Logan Couture and loses puck.
7:04 of 2nd period - Wrist shot by Kris Letang.
7:04 of 2nd period - Deflect By Jacob Peterson.
7:04 of 2nd period - Stopped by Martin Jones with a rebound.
7:32 of 2nd period - Anthony Deangelo is hit by Timo Meier and loses puck.
8:07 of 2nd period - Nicholas Paul is hit by Sebastian Aho.
8:24 of 2nd period - Calle Rosen is hit by Joel Eriksson Ek and loses puck.
8:38 of 2nd period - Snap shot by Andreas Athanasiou.
8:38 of 2nd period - Stopped by Samuel Montembeault without a rebound.
8:39 of 2nd period - William Karlsson wins face-off versus Rafael Harvey-Pinard in Calgary Flames zone.
8:40 of 2nd period - Snap shot by Oliver Bjorkstrand.
8:40 of 2nd period - Stopped by Samuel Montembeault without a rebound.
8:41 of 2nd period - William Karlsson wins face-off versus Logan Couture in Calgary Flames zone.
8:46 of 2nd period - Snap shot by William Karlsson.
8:46 of 2nd period - Stopped by Samuel Montembeault without a rebound.
8:47 of 2nd period - Logan Couture wins face-off versus William Karlsson in Calgary Flames zone.
8:55 of 2nd period - Off-side.
8:56 of 2nd period - Logan Couture wins face-off versus Adam Henrique in neutral zone.
9:07 of 2nd period - Snap shot by Ryan Hartman.
9:07 of 2nd period - Stopped by Samuel Montembeault with a rebound.
9:09 of 2nd period - Wrist shot by Ryan Hartman.
9:09 of 2nd period - Shot Misses the Net.
9:11 of 2nd period - Wrist shot by Adam Henrique.
9:11 of 2nd period - Stopped by Samuel Montembeault without a rebound.
9:12 of 2nd period - William Karlsson wins face-off versus J.T. Miller in Calgary Flames zone.
9:18 of 2nd period - Minor Penalty to J.T. Miller for Hooking.
9:19 of 2nd period - William Karlsson wins face-off versus Joel Eriksson Ek in Calgary Flames zone.
9:54 of 2nd period - Off-side.
9:55 of 2nd period - Adam Henrique wins face-off versus Joel Eriksson Ek in neutral zone.
9:57 of 2nd period - Off-side.
9:58 of 2nd period - Adam Henrique wins face-off versus Joel Eriksson Ek in neutral zone.
10:04 of 2nd period - Off-side.
10:05 of 2nd period - Adam Henrique wins face-off versus Joel Eriksson Ek in neutral zone.
10:20 of 2nd period - Snap shot by Ryan Hartman.
10:20 of 2nd period - Shot Misses the Net.
10:22 of 2nd period - Snap shot by Adam Henrique.
10:22 of 2nd period - Stopped by Samuel Montembeault without a rebound.
10:23 of 2nd period - William Karlsson wins face-off versus Joel Eriksson Ek in Calgary Flames zone.
10:24 of 2nd period - Wrist shot by Oliver Bjorkstrand.
10:24 of 2nd period - Goal by Oliver Bjorkstrand - San Jose Sharks : 2 - Calgary Flames : 0.
10:25 of 2nd period - Adam Henrique wins face-off versus J.T. Miller in neutral zone.
10:30 of 2nd period - Slapshot by Ryan Hartman.
10:30 of 2nd period - Stopped by Samuel Montembeault without a rebound.
10:31 of 2nd period - Adam Henrique wins face-off versus J.T. Miller in Calgary Flames zone.
10:58 of 2nd period - Wrist shot by Travis Boyd.
10:58 of 2nd period - Stopped by Samuel Montembeault without a rebound.
10:59 of 2nd period - Logan Couture wins face-off versus Nicholas Paul in Calgary Flames zone.
10:59 of 2nd period - Logan Couture is hit by Jacob Middleton.
11:23 of 2nd period - Minor Penalty to Jacob Middleton for Hooking.
11:24 of 2nd period - J.T. Miller wins face-off versus Adam Henrique in San Jose Sharks zone.
11:25 of 2nd period - Snap shot by Valeri Nichushkin.
11:25 of 2nd period - Stopped by Martin Jones with a rebound.
11:27 of 2nd period - Slapshot by Kris Letang.
11:27 of 2nd period - Goal by Kris Letang - San Jose Sharks : 2 - Calgary Flames : 1.
11:28 of 2nd period - Sebastian Aho wins face-off versus William Karlsson in neutral zone.
12:07 of 2nd period - Wrist shot by Logan Couture.
12:07 of 2nd period - Shot Misses the Net.
12:25 of 2nd period - Snap shot by Matthew Tkachuk.
12:25 of 2nd period - Shot Misses the Net.
12:27 of 2nd period - Slapshot by Jeff Petry.
12:27 of 2nd period - Stopped by Martin Jones with a rebound.
12:39 of 2nd period - Snap shot by Mike Hoffman.
12:39 of 2nd period - Stopped by Samuel Montembeault without a rebound.
12:40 of 2nd period - Mathieu Joseph wins face-off versus Mike Hoffman in Calgary Flames zone.
12:44 of 2nd period - Off-side.
12:45 of 2nd period - William Karlsson wins face-off versus Zach Hyman in neutral zone.
13:12 of 2nd period - Derek Forbort is hit by Timo Meier and loses puck.
14:25 of 2nd period - Michael Anderson is hit by Jacob Middleton and loses puck.
15:51 of 2nd period - Wrist shot by Zach Hyman.
15:51 of 2nd period - Stopped by Martin Jones without a rebound.
15:52 of 2nd period - J.T. Miller wins face-off versus Adam Henrique in San Jose Sharks zone.
15:57 of 2nd period - Wrist shot by Valeri Nichushkin.
15:57 of 2nd period - Shot Misses the Net.
16:20 of 2nd period - Off-side.
16:21 of 2nd period - William Karlsson wins face-off versus Sebastian Aho in neutral zone.
16:34 of 2nd period - Snap shot by Ryan Strome.
16:34 of 2nd period - Stopped by Samuel Montembeault with a rebound.
17:20 of 2nd period - Minor Penalty to Kris Letang for Holding.
17:21 of 2nd period - Joel Eriksson Ek wins face-off versus William Karlsson in Calgary Flames zone.
18:12 of 2nd period - Ryan Hartman is hit by Mathieu Joseph and loses puck.
18:19 of 2nd period - Jeff Petry is hit by Adam Henrique and loses puck.
19:18 of 2nd period - Drew Doughty is hit by Alex Iafallo and loses puck.
19:20 of 2nd period - Penalty to Kris Letang is over, Kris Letang is back on ice.
19:34 of 2nd period - Off-side.
19:35 of 2nd period - J.T. Miller wins face-off versus Nicholas Paul in neutral zone.
19:38 of 2nd period - Travis Boyd is hit by J.T. Miller and loses puck.
Goals for this period are 1 for San Jose Sharks vs 1 for Calgary Flames.
Shots for this period are 11 for San Jose Sharks vs 6 for Calgary Flames.
3rd period
0:01 of 3rd period - Logan Couture wins face-off versus William Karlsson in neutral zone.
0:08 of 3rd period - Slapshot by Logan Couture.
0:08 of 3rd period - Stopped by Martin Jones without a rebound.
0:09 of 3rd period - William Karlsson wins face-off versus Logan Couture in San Jose Sharks zone.
0:28 of 3rd period - Slapshot by Drew Doughty.
0:28 of 3rd period - Stopped by Martin Jones with a rebound.
1:12 of 3rd period - Slapshot by Derek Forbort.
1:12 of 3rd period - Stopped by Samuel Montembeault without a rebound.
1:13 of 3rd period - Sebastian Aho wins face-off versus Ryan Hartman in Calgary Flames zone.
1:38 of 3rd period - Rasmus Andersson is hit by Mike Hoffman and loses puck.
2:01 of 3rd period - Michael Anderson is hit by Danton Heinen and loses puck.
2:10 of 3rd period - Slapshot by Joel Eriksson Ek.
2:10 of 3rd period - Shot Blocked by Joel Edmundson.
2:20 of 3rd period - Wrist shot by Sebastian Aho.
2:20 of 3rd period - Stopped by Martin Jones without a rebound.
2:21 of 3rd period - J.T. Miller wins face-off versus Alex Iafallo in San Jose Sharks zone.
2:25 of 3rd period - J.T. Miller beats up Ryan Hartman.
2:25 of 3rd period - Penalty to J.T. Miller for Fighting.
2:25 of 3rd period - Penalty to Ryan Hartman for Fighting.
2:26 of 3rd period - Nic Dowd wins face-off versus Alex Iafallo in neutral zone.
2:33 of 3rd period - Snap shot by Valeri Nichushkin.
2:33 of 3rd period - Stopped by Martin Jones with a rebound.
2:35 of 3rd period - Snap shot by Nic Dowd.
2:35 of 3rd period - Shot Misses the Net.
2:39 of 3rd period - Wrist shot by Valeri Nichushkin.
2:39 of 3rd period - Shot Blocked by Calle Rosen.
2:41 of 3rd period - Slapshot by Rasmus Andersson.
2:41 of 3rd period - Shot Misses the Net.
2:54 of 3rd period - Slapshot by William Karlsson.
2:54 of 3rd period - Stopped by Samuel Montembeault with a rebound.
3:12 of 3rd period - Jacob Middleton is hit by Logan Couture and loses puck.
3:31 of 3rd period - Slapshot by Logan Couture.
3:31 of 3rd period - Shot Misses the Net.
3:33 of 3rd period - Wrist shot by Jeff Petry.
3:33 of 3rd period - Stopped by Martin Jones with a rebound.
3:35 of 3rd period - Backhand shot by Logan Couture.
3:35 of 3rd period - Deflect By Rafael Harvey-Pinard.
3:35 of 3rd period - Goal by Rafael Harvey-Pinard - San Jose Sharks : 2 - Calgary Flames : 2.
3:36 of 3rd period - Adam Henrique wins face-off versus Sebastian Aho in neutral zone.
4:01 of 3rd period - Adam Henrique is hit by Matthew Tkachuk and loses puck.
4:05 of 3rd period - Off-side.
4:06 of 3rd period - Nic Dowd wins face-off versus Nicholas Paul in neutral zone.
4:09 of 3rd period - Wrist shot by Valeri Nichushkin.
4:09 of 3rd period - Goal by Valeri Nichushkin - San Jose Sharks : 2 - Calgary Flames : 3.
4:10 of 3rd period - Sebastian Aho wins face-off versus Adam Henrique in neutral zone.
5:02 of 3rd period - Nicholas Paul is hit by Logan Couture and loses puck.
5:56 of 3rd period - Snap shot by Matthew Tkachuk.
5:56 of 3rd period - Shot Misses the Net.
6:08 of 3rd period - Wrist shot by Alex Iafallo.
6:08 of 3rd period - Shot Blocked by Jeff Petry.
6:20 of 3rd period - Michael Anderson is hit by Travis Boyd and loses puck.
6:38 of 3rd period - Alex Iafallo is hit by Joel Eriksson Ek and loses puck.
6:49 of 3rd period - Snap shot by Zach Hyman.
6:49 of 3rd period - Stopped by Martin Jones with a rebound.
6:51 of 3rd period - Slapshot by Drew Doughty.
6:51 of 3rd period - Shot Hit the Post.
7:07 of 3rd period - Snap shot by Zach Hyman.
7:07 of 3rd period - Shot Misses the Net.
7:09 of 3rd period - Wrist shot by Zach Hyman.
7:09 of 3rd period - Shot Misses the Net.
7:11 of 3rd period - Slapshot by Michael Anderson.
7:11 of 3rd period - Stopped by Martin Jones with a rebound.
7:27 of 3rd period - Snap shot by Sebastian Aho.
7:27 of 3rd period - Deflect By Nikita Zadorov.
7:27 of 3rd period - Shot Blocked by Derek Forbort.
7:27 of 3rd period - Puck is out of play.
7:28 of 3rd period - J.T. Miller wins face-off versus William Karlsson in San Jose Sharks zone.
7:59 of 3rd period - Snap shot by Logan Couture.
7:59 of 3rd period - Shot Misses the Net.
8:01 of 3rd period - Slapshot by Drew Doughty.
8:01 of 3rd period - Stopped by Martin Jones with a rebound.
8:15 of 3rd period - Jacob Middleton is hit by Jacob Peterson and loses puck.
8:52 of 3rd period - Michael Bunting is hit by Jeremy Lauzon and loses puck.
9:17 of 3rd period - Minor Penalty to Anthony Deangelo for Hooking.
9:18 of 3rd period - Alex Iafallo wins face-off versus Sebastian Aho in San Jose Sharks zone.
9:31 of 3rd period - Derek Forbort is hit by Jeff Petry and loses puck.
10:31 of 3rd period - William Karlsson is hit by Matthew Tkachuk and loses puck.
11:17 of 3rd period - Penalty to Anthony Deangelo is over, Anthony Deangelo is back on ice.
11:30 of 3rd period - Wrist shot by Andreas Athanasiou.
11:30 of 3rd period - Shot Misses the Net.
11:32 of 3rd period - Slapshot by Anthony Deangelo.
11:32 of 3rd period - Stopped by Samuel Montembeault with a rebound.
11:43 of 3rd period - Drew Doughty is hit by Danton Heinen and loses puck.
12:02 of 3rd period - Slapshot by Mike Hoffman.
12:02 of 3rd period - Stopped by Samuel Montembeault with a rebound.
12:42 of 3rd period - Icing by Joel Edmundson.
12:43 of 3rd period - Nicholas Paul wins face-off versus Sebastian Aho in San Jose Sharks zone.
12:43 of 3rd period - Nicholas Paul is hit by Zach Hyman.
12:53 of 3rd period - Slapshot by Michael Anderson.
12:53 of 3rd period - Stopped by Martin Jones with a rebound.
12:55 of 3rd period - Slapshot by Michael Anderson.
12:55 of 3rd period - Shot Blocked by Anthony Deangelo.
13:09 of 3rd period - Snap shot by Ryan Hartman.
13:09 of 3rd period - Shot Misses the Net.
13:11 of 3rd period - Slapshot by Anthony Deangelo.
13:11 of 3rd period - Shot Blocked by Michael Anderson.
13:13 of 3rd period - Snap shot by Ryan Hartman.
13:13 of 3rd period - Shot Misses the Net.
13:52 of 3rd period - Snap shot by Valeri Nichushkin.
13:52 of 3rd period - Stopped by Martin Jones without a rebound.
13:53 of 3rd period - Sebastian Aho wins face-off versus Adam Henrique in San Jose Sharks zone.
13:56 of 3rd period - Snap shot by Sebastian Aho.
13:56 of 3rd period - Stopped by Martin Jones without a rebound.
13:57 of 3rd period - Adam Henrique wins face-off versus Sebastian Aho in San Jose Sharks zone.
13:57 of 3rd period - Adam Henrique is hit by Joel Eriksson Ek.
14:00 of 3rd period - Minor Penalty to Derek Forbort for Interference.
14:01 of 3rd period - J.T. Miller wins face-off versus Adam Henrique in San Jose Sharks zone.
14:38 of 3rd period - Kris Letang is hit by Alex Iafallo and loses puck.
15:01 of 3rd period - Slapshot by William Karlsson.
15:01 of 3rd period - Shot Hit the Post.
16:00 of 3rd period - Penalty to Derek Forbort is over, Derek Forbort is back on ice.
16:13 of 3rd period - Wrist shot by Travis Boyd.
16:13 of 3rd period - Stopped by Samuel Montembeault with a rebound.
16:15 of 3rd period - Snap shot by Travis Boyd.
16:15 of 3rd period - Shot Misses the Net.
16:17 of 3rd period - Wrist shot by Andreas Athanasiou.
16:17 of 3rd period - Stopped by Samuel Montembeault with a rebound.
16:19 of 3rd period - Slapshot by Derek Forbort.
16:19 of 3rd period - Deflect By Andreas Athanasiou.
16:19 of 3rd period - Stopped by Samuel Montembeault without a rebound.
16:20 of 3rd period - Mike Hoffman wins face-off versus Zach Hyman in Calgary Flames zone.
16:35 of 3rd period - Slapshot by Michael Bunting.
16:35 of 3rd period - Stopped by Samuel Montembeault with a rebound.
16:54 of 3rd period - Snap shot by Jacob Peterson.
16:54 of 3rd period - Goal by Jacob Peterson - San Jose Sharks : 2 - Calgary Flames : 4.
16:55 of 3rd period - Logan Couture wins face-off versus Nicholas Paul in neutral zone.
17:02 of 3rd period - Calle Rosen is hit by Timo Meier and loses puck.
17:18 of 3rd period - Icing by Jacob Middleton.
17:19 of 3rd period - J.T. Miller wins face-off versus Nicholas Paul in San Jose Sharks zone.
17:46 of 3rd period - Slapshot by Travis Boyd.
17:46 of 3rd period - Stopped by Samuel Montembeault with a rebound.
17:56 of 3rd period - Calle Rosen is hit by Logan Couture and loses puck.
18:06 of 3rd period - Off-side.
18:07 of 3rd period - William Karlsson wins face-off versus Sebastian Aho in neutral zone.
18:33 of 3rd period - Minor Penalty to Timo Meier for Roughing.
18:34 of 3rd period - William Karlsson wins face-off versus Nic Dowd in Calgary Flames zone.
18:40 of 3rd period - Snap shot by William Karlsson.
18:40 of 3rd period - Stopped by Samuel Montembeault with a rebound.
18:42 of 3rd period - Wrist shot by William Karlsson.
18:42 of 3rd period - Deflect By Ryan Strome.
18:42 of 3rd period - Stopped by Samuel Montembeault without a rebound.
18:43 of 3rd period - Nic Dowd wins face-off versus William Karlsson in Calgary Flames zone.
19:10 of 3rd period - Backhand shot by Ryan Strome.
19:10 of 3rd period - Stopped by Samuel Montembeault with a rebound.
19:12 of 3rd period - Wrist shot by Ryan Strome.
19:12 of 3rd period - Deflect By Oliver Bjorkstrand.
19:12 of 3rd period - Stopped by Samuel Montembeault with a rebound.
19:14 of 3rd period - Wrist shot by Oliver Bjorkstrand.
19:14 of 3rd period - Shot Misses the Net.
19:22 of 3rd period - Snap shot by Oliver Bjorkstrand.
19:22 of 3rd period - Shot Blocked by Jeff Petry.
19:24 of 3rd period - Slapshot by Anthony Deangelo.
19:24 of 3rd period - Shot Blocked by Michael Anderson.
19:26 of 3rd period - Slapshot by Anthony Deangelo.
19:26 of 3rd period - Stopped by Samuel Montembeault with a rebound.
19:28 of 3rd period - Snap shot by Anthony Deangelo.
19:28 of 3rd period - Shot Blocked by Nic Dowd.
19:36 of 3rd period - Wrist shot by Ryan Strome.
19:36 of 3rd period - Shot Misses the Net.
19:38 of 3rd period - Wrist shot by Ryan Strome.
19:38 of 3rd period - Shot Misses the Net.
19:40 of 3rd period - Snap shot by Ryan Strome.
19:40 of 3rd period - Stopped by Samuel Montembeault with a rebound.
19:42 of 3rd period - Slapshot by Joel Edmundson.
19:42 of 3rd period - Deflect By Ryan Strome.
19:42 of 3rd period - Shot Misses the Net.
19:42 of 3rd period - Puck is out of play.
19:43 of 3rd period - Joel Eriksson Ek wins face-off versus Adam Henrique in Calgary Flames zone.
Goals for this period are 0 for San Jose Sharks vs 3 for Calgary Flames.
Shots for this period are 15 for San Jose Sharks vs 14 for Calgary Flames.
Back to the Top